Map: Polka LE

Players

Massa

  • Race: Terran Terran
  • League: Platinum
  • Spawn Location: 5:00

qqq

  • Race: Protoss Protoss
  • League: Platinum
  • Spawn Location: 5:00

Shadow

  • Race: Zerg Zerg
  • League: Platinum
  • Spawn Location: 11:00

Сомбреро

  • Race: Protoss Protoss
  • League: Diamond
  • Spawn Location: 11:00

VOD

Have the link to the VOD?

Description

Time

  • Played on: Dec. 5, 2020, 8:22 a.m.
  • Length: 7:30
Show
View Real Time Build Order
Export as new Build Order

Massa Terran 

Build Orders: 2 Factory 

Get SALT Encoding   

  12  0:00  SCV  
  13  0:12  SCV  
  14  0:23  Supply Depot  
  14  0:24  SCV  
  15  0:31  Refinery  
  15  0:46  Barracks  
  15  0:49  SCV  
  16  0:56  Refinery  
  16  1:01  SCV  
  17  1:13  SCV  
  18  1:25  SCV  
  19  1:33  Factory  
  19  1:38  Reaper  
  20  1:45  Orbital Command  
  20  1:55  Supply Depot  
  20  2:10  Marine  
  20  2:11  SCV  
  22  2:16  Supply Depot  
  22  2:29  Barracks Tech Lab  
  22  2:33  Hellion  
  24  2:48  SCV  
  24  2:50  Command Center  
  25  2:54  Hellion  
  27  3:05  Factory  
  27  3:07  Marine  
  27  3:10  SCV  
  29  3:15  Hellion  
  31  3:37  Widow Mine  
  33  3:54  Factory Tech Lab  
  33  3:56  Barracks  
  33  3:59  Marauder  
  33  4:00  Stimpack  
  33  4:02  Widow Mine  
  37  4:04  SCV  
  37  4:07  Orbital Command  
  38  4:16  SCV  
  29  4:46  Siege Tank  
  29  4:49  Barracks Reactor  
  29  4:51  Marauder  
  34  4:56  SCV x2  
  36  5:00  Refinery  
  36  5:01  Refinery  
  36  5:07  Barracks  
  36  5:08  SCV x2  
  36  5:12  Marauder  
  40  5:19  Siege Tank  
  40  5:20  SCV  
  43  5:37  Marauder, Marine x2  
  47  5:51  Siege Tank  
  47  5:55  Marine x2, Concussive Shells  
  52  5:59  Marauder  
  46  6:47  Marine  
  46  6:54  Marine  
  43  7:05  Marine  
  38  7:08  Barracks Tech Lab  
  38  7:12  Marine  
  38  7:14  Barracks  
  39  7:18  Barracks  
  36  7:22  Barracks  
  36  7:24  Factory Tech Lab  
Show
View Real Time Build Order
Export as new Build Order

qqq Protoss 

Build Orders:  

Get SALT Encoding   

  12  0:01  Probe  
  13  0:19  Pylon  
  14  0:21  Probe  
  14  0:44  Forge  
  14  0:45  Probe  
  16  0:57  Probe  
  16  1:09  Probe  
  17  1:20  Pylon  
  17  1:25  Probe  
  18  1:28  Pylon  
  18  1:30  Pylon  
  18  1:37  Probe, Pylon  
  19  1:43  Photon Cannon  
  18  1:54  Photon Cannon  
  18  2:04  Photon Cannon  
  18  2:07  Pylon  
  18  2:23  Photon Cannon  
  18  2:50  Probe  
  19  2:55  Photon Cannon  
  19  2:58  Nexus  
  19  3:13  Probe  
  19  3:14  Assimilator  
  19  3:16  Assimilator  
  19  3:19  Pylon  
  20  3:25  Probe  
  21  3:33  Gateway  
  21  3:43  Probe (Chrono Boost), Photon Cannon  
  22  3:55  Probe (Chrono Boost)  
  23  4:02  Probe (Chrono Boost)  
  24  4:10  Probe (Chrono Boost)  
  24  4:12  Probe (Chrono Boost)  
  26  4:21  Probe x2 (Chrono Boost)  
  26  4:23  Cybernetics Core  
  28  4:25  Probe (Chrono Boost)  
  28  4:26  Probe (Chrono Boost)  
  30  4:36  Probe  
  31  5:02  Probe  
  31  5:05  Assimilator  
  32  5:09  Assimilator  
  31  5:14  Probe  
  31  5:17  Stargate  
  32  5:23  Stargate  
  32  5:25  Pylon  
  32  5:26  Probe  
  33  5:33  Pylon  
  33  5:38  Probe  
  36  5:50  Probe  
  36  5:54  Photon Cannon  
  32  6:18  Cybernetics Core  
  32  6:38  Probe  
  33  6:41  Pylon  
  33  6:49  Pylon  
  33  6:50  Probe  
  34  6:58  Probe  
  35  7:02  Probe  
  35  7:07  Forge  
  36  7:10  Probe  
Show
View Real Time Build Order
Export as new Build Order

Shadow Zerg 

Build Orders: Hatch First, Roach Nydus 

Get SALT Encoding   

  12  0:11  Drone  
  13  0:14  Overlord  
  13  0:18  Drone  
  14  0:33  Drone x2  
  16  0:45  Drone  
  17  0:57  Drone  
  17  0:58  Hatchery  
  17  1:01  Extractor  
  16  1:06  Drone  
  17  1:20  Spawning Pool  
  16  1:35  Drone x2  
  18  1:40  Drone  
  19  2:07  Zergling x4  
  21  2:09  Queen  
  21  2:13  Overlord  
  23  2:20  Extractor  
  22  2:38  Drone x3  
  24  3:00  Lair  
  24  3:06  Roach Warren  
  24  3:07  Drone x3  
  26  3:30  Overlord  
  26  3:31  Overlord  
  26  3:50  Roach x3  
  32  3:59  Roach  
  32  4:00  Nydus Network, Roach x2  
  37  4:04  Overlord  
  37  4:17  Queen  
  37  4:22  Roach  
  40  4:28  Overlord  
  40  4:30  Roach x3  
  46  4:47  Nydus Canal  
  46  4:51  Roach x2  
  52  5:00  Roach  
  52  5:21  Roach x2  
  52  5:50  Roach  
  50  6:12  Nydus Canal  
  42  6:28  Roach  
  42  6:29  Roach x2  
  40  6:37  Queen  
  42  6:43  Nydus Canal  
  42  6:47  Drone  
  42  6:48  Hatchery  
  42  7:02  Roach  
  42  7:03  Roach  
Show
View Real Time Build Order
Export as new Build Order

Сомбреро Protoss 

Build Orders:  

Get SALT Encoding   

  12  0:01  Probe (Chrono Boost)  
  13  0:10  Probe (Chrono Boost)  
  14  0:21  Pylon  
  14  0:22  Probe  
  15  0:39  Probe  
  15  0:40  Gateway  
  16  0:45  Assimilator  
  16  0:51  Probe  
  17  1:03  Probe  
  18  1:36  Probe  
  19  1:54  Probe (Chrono Boost)  
  19  2:00  Cybernetics Core  
  20  2:01  Gateway  
  20  2:03  Gateway  
  20  2:04  Probe (Chrono Boost)  
  21  2:09  Probe (Chrono Boost)  
  23  2:34  Pylon  
  21  2:55  Pylon  
  21  2:58  Pylon  
  21  3:02  Pylon  
  21  3:04  Pylon  
  21  3:06  Stalker (Chrono Boost)  
  21  3:11  Stalker (Chrono Boost)  
  23  3:14  Assimilator  
  25  3:28  Probe  
  26  3:38  Stalker  
  28  3:48  Warp Gate (Chrono Boost)  
  28  3:57  Probe  
  28  4:02  Stalker  
  31  4:11  Stalker  
  33  4:20  Stalker  
  35  4:45  Stalker  
  35  4:46  Stalker  
  37  4:58  Stalker  
  39  5:16  Nexus  
  39  5:36  Stalker  
  39  5:37  Stalker x2  
  45  5:46  Probe  
  45  5:48  Pylon  
  46  5:50  Pylon  
  46  5:52  Pylon  
  46  5:58  Probe  
  47  6:08  Stalker  
  47  6:09  Stalker x2  
  47  6:10  Probe  
  54  6:22  Probe  
  49  6:46  Stalker x3  
  49  7:06  Probe x2  
  47  7:10  Gateway  
  47  7:12  Gateway  
  45  7:17  Stalker x2  
  45  7:18  Probe x2  
  51  7:29  Stalker  
Tags
 
Add a new tag
Caveats
  • Supply blocks, unpowered buildings, or Contaminate may cause inaccurate times.
  • Supply counts are checked every 10 seconds.